 Dungeon Crawl Stone Soup version 0.28.0-53-g5a82cb258f (webtiles) character file.

Game seed: 583476112481726994

589608 mcbry74 the Executioner (level 27, -7/364 (367) HPs)
             Began as a Hill Orc Fighter on July 14, 2022.
             Was the Champion of Qazlal.
             Killed by divine providence
             ... invoked by a royal mummy
              (8 damage)
             ... on level 2 of the Tomb of the Ancients on July 18, 2022.
             The game lasted 07:48:11 (67700 turns).

mcbry74 the Executioner (Hill Orc Fighter)         Turns: 67700, Time: 07:48:12

HP:   -7/364 (367)  AC: 33    Str: 31    XL:     27
MP:   29/35         EV:  2    Int: 16    God:    Qazlal [******]
Gold: 2995          SH:  8    Dex: 12    Spells: 24/26 levels left

rFire   + . .      SeeInvis +   A - +8 great mace of Qeske {holy, rF+ SInv Stlth+}
rCold   + . .      Faith    .   (shield currently unavailable)
rNeg    + + .      Spirit   .   (armour currently unavailable)
rPois   +          Reflect  .   (helmet currently unavailable)
rElec   +          Harm     .   (cloak currently unavailable)
rCorr   .          Rampage  .   (gloves currently unavailable)
Will    ++...      NoTele   +   (boots currently unavailable)
Stlth   +.........              k - amulet of regeneration
HPRegen 1.50/turn               l - ring of Ofuphiann {rN+ EV+4 Str+2}
MPRegen 0.24/turn               F - ring "Atiyd" {rElec rC+ rN+ Int+6 Slay-4}

@: mighty, tree-form, hasted and slowed, studying 5 skills, lightly drained,
invisible (expiring), repel missiles
A: stationary, stasis, torment immunity, boosted hp, dopey 1, strong 1, subdued
magic 1, MP-powered wands
}: 3/15 runes: decaying, serpentine, silver
a: Renounce Religion, Upheaval, Elemental Force, Disaster Area


You were on level 2 of the Tomb of the Ancients.
You worshipped Qazlal.
Qazlal was exalted by your worship.
You were a tree.
You visited 11 branches of the dungeon, and saw 49 of its levels.
You also visited: Sewer, Gauntlet and Wizlab.

You collected 7846 gold pieces.
You spent 4851 gold pieces at shops.

Inventory:

Hand Weapons
 a - the +10 executioner's axe "Gaisinew" {vamp, rF- rN+ rCorr Str+4}
   (You bought it in a shop on level 2 of the Snake Pit)

   It occasionally heals its wielder for a portion of the damage dealt when it
   wounds a living foe.
   Str:       It affects your strength (+4).
   rF:        It makes you vulnerable to fire.
   rN:        It protects you from negative energy.
   rCorr:     It protects you from acid and corrosion.
 b - a +3 vorpal longbow
 A - the +8 great mace of Qeske (weapon) {holy, rF+ SInv Stlth+}
   (You found it on level 3 of the Depths)

   It has been blessed by the Shining One to cause great damage to the undead
   and demons.
   rF:        It protects you from fire.
   SInv:      It lets you see invisible.
   Stlth:     It makes you more stealthy.
Missiles
 z - 1693 arrows
 E - 9 curare-tipped darts (quivered)
Armour
 m - the +0 pair of gloves of Philately (melded) {Fly Regen+ rCorr Dex-4}
   (You acquired it on level 4 of the Depths)

   Dex:       It affects your dexterity (-4).
   Fly:       It grants you flight.
   Regen:     It increases your rate of health regeneration.
   rCorr:     It protects you from acid and corrosion.
 w - a scarf of resistance (melded)
 B - the +8 orange crystal plate armour (melded) {Archmagi, Int+3 Clar}
   (You bought it in a shop on level 1 of the Elven Halls)

   Int:       It affects your intelligence (+3).
   Clar:      It protects you against confusion.
 G - the +3 crown of Dyrovepreva (melded) {rElec Int+2 SInv}
   (You found it on level 1 of the Depths)

   Int:       It affects your intelligence (+2).
   rElec:     It insulates you from electricity.
   SInv:      It lets you see invisible.
 X - a +2 pair of boots of rampaging (melded)
Jewellery
 g - the ring "Gosabumy" {rPois rF+ Will+ MP+9 Str+4}
   (You found it on level 4 of the Lair of Beasts)

   [ring of protection from fire]

   Str:       It affects your strength (+4).
   rF:        It protects you from fire.
   rPois:     It protects you from poison.
   MP:        It affects your magic capacity (+9).
   Will:      It increases your willpower.
 k - an amulet of regeneration (around neck)
 l - the ring of Ofuphiann (left branch) {rN+ EV+4 Str+2}
   (You found it on level 5 of the Vaults)

   [ring of evasion]

   EV:        It affects your evasion (+4).
   Str:       It affects your strength (+2).
   rN:        It protects you from negative energy.
 y - the ring of Ashroiv {Fire Dex+3}
   (You found it on level 3 of the Depths)

   [ring of fire]

   It enhances your fire magic.
   Dex:       It affects your dexterity (+3).
   rF:        It protects you from fire.
   rC:        It makes you vulnerable to cold.
 F - the ring "Atiyd" (right branch) {rElec rC+ rN+ Int+6 Slay-4}
   (You found it on level 1 of the Elven Halls)

   [ring of intelligence]

   Int:       It affects your intelligence (+6).
   Slay:      It affects your accuracy & damage with ranged weapons and melee
   (-4).
   rC:        It protects you from cold.
   rElec:     It insulates you from electricity.
   rN:        It protects you from negative energy.
Wands
 h - a wand of digging (32)
 p - a wand of iceblast (80)
 q - a wand of mindburst (49)
 C - a wand of acid (25)
 L - a wand of paralysis (14)
Scrolls
 d - 3 scrolls of silence
 j - 5 scrolls of blinking
 u - 3 scrolls of fear
 I - 6 scrolls of fog
 M - 22 scrolls of teleportation
 R - 3 scrolls of holy word
 S - 3 scrolls of summoning
 U - a scroll of magic mapping
Potions
 c - a potion of brilliance
 e - 2 potions of heal wounds
 o - 6 potions of resistance
 s - 16 potions of curing
 x - 3 potions of lignification
 H - a potion of invisibility
 K - 4 potions of might
 O - 2 potions of flight
 P - 3 potions of cancellation
 W - 3 potions of haste
 Z - 2 potions of ambrosia
Miscellaneous
 i - a tin of tremorstones (2/2)
 v - a phial of floods
 N - a box of beasts
 T - a lightning rod (4/4)
 Y - a phantom mirror


   Skills:
 + Level 19.7 Fighting
 - Level 25.9(27) Axes
 + Level 13.7(19.5) Maces & Flails
 + Level 4.5(15.3) Polearms
 - Level 20.7 Bows
 - Level 10.8 Throwing
 + Level 20.4 Armour
 + Level 14.5 Dodging
 - Level 11.0 Shields
 - Level 7.0 Translocations
 + Level 17.3 Invocations
 - Level 12.0 Evocations


You had 24 spell levels left.
You knew the following spells:

 Your Spells              Type           Power      Damage    Failure   Level
a - Blink                 Tloc           34%        N/A       1%          2

Your spell library contained the following spells:

 Spells                   Type           Power      Damage    Failure   Level
 Gell's Gravitas          Tloc           17%        N/A       3%          3
 Lesser Beckoning         Tloc           17%        N/A       3%          3
 Teleport Other           Tloc           17%        N/A       3%          3
 Passage of Golubria      Tloc           17%        N/A       12%         4
 Portal Projectile        Hex/Tloc       16%        N/A       16%         3
 Animate Skeleton         Necr           0%         N/A       22%         1
 Foxfire                  Conj/Fire      0%         2x1d4     22%         1
 Freeze                   Ice            0%         1d3       22%         1
 Magic Dart               Conj           0%         1d3       22%         1
 Pain                     Necr           0%         1d4       22%         1
 Slow                     Hex            0%         N/A       22%         1
 Summon Small Mammal      Summ           0%         N/A       22%         1
 Call Imp                 Summ           0%         N/A       32%         2
 Corpse Rot               Necr/Air       0%         N/A       32%         2
 Ensorcelled Hibernation  Hex/Ice        0%         N/A       32%         2
 Passwall                 Tmut/Erth      0%         N/A       32%         2
 Searing Ray              Conj           0%         2d4       32%         2
 Static Discharge         Conj/Air       0%         N/A       32%         2
 Sublimation of Blood     Necr           0%         N/A       32%         2
 Manifold Assault         Tloc           17%        N/A       32%         5
 Iskenderun's Mystic Bla  Conj/Tloc      8%         2d4       47%         4
 Call Canine Familiar     Summ           0%         N/A       54%         3
 Confusing Touch          Hex            0%         N/A       54%         3
 Conjure Flame            Conj/Fire      0%         6-21      54%         3
 Dazzling Flash           Conj/Hex       0%         N/A       54%         3
 Frozen Ramparts          Ice            0%         1d2       54%         3
 Ignite Poison            Fire/Tmut/Pois 0%         N/A       54%         3
 Inner Flame              Hex/Fire       0%         N/A       54%         3
 Mephitic Cloud           Conj/Pois/Air  0%         N/A       54%         3
 Ozocubu's Armour         Ice            0%         N/A       54%         3
 Spider Form              Tmut/Pois      0%         N/A       54%         3
 Summon Guardian Golem    Hex/Summ       0%         N/A       54%         3
 Swiftness                Air            0%         N/A       54%         3
 Tukima's Dance           Hex            0%         N/A       54%         3
 Vampiric Draining        Necr           0%         2d6       54%         3
 Dispersal                Tloc           8%         N/A       89%         6
 Anguish                  Hex/Necr       0%         N/A       92%         4
 Animate Armour           Summ/Erth      0%         N/A       92%         4
 Animate Dead             Necr           0%         N/A       92%         4
 Cause Fear               Hex            0%         N/A       92%         4
 Dispel Undead            Necr           0%         3d6       92%         4
 Flame Wave               Conj/Fire      0%         2d4       92%         4
 Fulminant Prism          Conj/Hex       0%         3d6       92%         4
 Ice Form                 Ice/Tmut       0%         N/A       92%         4
 Leda's Liquefaction      Hex/Erth       0%         N/A       92%         4
 Olgreb's Toxic Radiance  Pois           0%         N/A       92%         4
 Petrify                  Tmut/Erth      0%         N/A       92%         4
 Sticky Flame             Conj/Fire      0%         2d3       92%         4
 Summon Ice Beast         Ice/Summ       0%         N/A       92%         4
 Summon Lightning Spire   Summ/Air       0%         N/A       92%         4
 Agony                    Necr           0%         N/A       100%        5
 Alistair's Intoxication  Tmut/Pois      0%         N/A       100%        5
 Blade Hands              Tmut           0%         N/A       100%        5
 Borgnjor's Vile Clutch   Necr/Erth      0%         N/A       100%        5
 Excruciating Wounds      Necr           0%         N/A       100%        5
 Freezing Cloud           Conj/Ice/Air   0%         6-21      100%        5
 Irradiate                Conj/Tmut      0%         3d13      100%        5
 Metabolic Englaciation   Hex/Ice        0%         N/A       100%        5
 Silence                  Hex/Air        0%         N/A       100%        5
 Yara's Violent Unravell  Hex/Tmut       0%         3d3       100%        5
 Conjure Ball Lightning   Conj/Air       0%         3x3d6     100%        6
 Death Channel            Necr           0%         N/A       100%        6
 Iron Shot                Conj/Erth      0%         9d1       100%        6
 Simulacrum               Ice/Necr       0%         N/A       100%        6
 Starburst                Conj/Fire      0%         6d3       100%        6
 Statue Form              Tmut/Erth      0%         N/A       100%        6
 Dragon Form              Tmut           0%         N/A       100%        7
 Enfeeble                 Hex            0%         N/A       100%        7
 Haunt                    Necr/Summ      0%         N/A       100%        7
 Malign Gateway           Summ/Tloc      4%         N/A       100%        7
 Monstrous Menagerie      Summ           0%         N/A       100%        7
 Orb of Destruction       Conj           0%         9d5       100%        7
 Ozocubu's Refrigeration  Ice            0%         4d5       100%        7
 Spellforged Servitor     Conj/Summ      0%         N/A       100%        7
 Storm Form               Tmut/Air       0%         N/A       100%        7
 Discord                  Hex            0%         N/A       100%        8
 Disjunction              Tloc           8%         N/A       100%        8
 Ignition                 Fire           0%         3d3       100%        8
 Infestation              Necr           0%         N/A       100%        8
 Lehudib's Crystal Spear  Conj/Erth      0%         10d2      100%        8
 Maxwell's Capacitive Co  Air            0%         ∞         100%        8
 Summon Horrible Things   Summ           0%         N/A       100%        8
 Death's Door             Necr           0%         N/A       100%        9
 Dragon's Call            Summ           0%         N/A       100%        9


Dungeon Overview and Level Annotations

Branches:
Dungeon (15/15)            Temple (1/1) D:5            Lair (6/6) D:11
  Swamp (4/4) Lair:2        Snake (4/4) Lair:2        Slime (0/5) Lair:6
    Orc (2/2) D:9             Elf (3/3) Orc:2        Vaults (5/5) D:14
  Crypt (3/3) Vaults:2       Tomb (2/3) Crypt:3      Depths (4/4) D:15
    Zot (0/5) Depths:4      Sewer (visited)          WizLab (visited)
Gauntlet (visited)

Altars:
Ashenzari
Cheibriados
Dithmenos
Elyvilon
Fedhas
Gozag
Hepliaklqana
Kikubaaqudgha
Makhleb
Nemelex Xobeh
Okawaru
Qazlal
Ru
Sif Muna
Trog
Uskayaw
Vehumet
Wu Jian
Xom
Yredelemnul
The Shining One
Beogh

Shops:
D:9 *   Orc:2 ([([   Elf:1 [   Elf:3 (   Snake:2 (   Vaults:5 :

Portals:
Hell: Depths:1 Depths:2 Depths:3 Depths:4
Abyss: Depths:2 Depths:3
Pandemonium: Depths:2
Ziggurat: Depths:4
Trove: Vaults:4 (give 5 scrolls of fog)

Annotations:
Vaults:2 2 transporters


Innate Abilities, Weirdness & Mutations

You are a tree.
Your roots penetrate the ground, keeping you stationary.
You cannot be teleported.
You are immune to unholy pain and torment.
Your maximum health is greatly increased.
Your equipment is partially melded.
You are dopey. (Int -2)
Your muscles are strong. (Str +2)
Your spells are a little easier to cast, but a little less powerful.
You expend magic power (3 MP) to strengthen your wands.


Message History

You block the bennu's attack.
The bennu claws you but does no damage. x2
The flying skull is engulfed in blazing flames.
The flying skull hits you but does no damage.
The centaur warrior zombie hits you but does no damage.
The centaur warrior zombie kicks you but does no damage.
The lich touches you but does no damage.
You block the royal mummy's attack.
The emperor scorpion is engulfed in blazing flames.
You block the bennu's attack. The bennu barely misses you.
The bennu claws you but does no damage.
The flying skull hits you but does no damage.
You catch the helpless flying skull completely off-guard!
You bludgeon the flying skull!!
You destroy the flying skull!
Qazlal accepts your kill.
You flicker for a moment.
The flying skull is engulfed in blazing flames.
You destroy the flying skull!
Qazlal accepts your kill.
The royal mummy gestures wildly while chanting.
The centaur warrior zombie hits you.
* * * LOW HITPOINT WARNING * * *
The centaur warrior zombie kicks you but does no damage.
The lich touches you!
* * * LOW HITPOINT WARNING * * *
You partially resist.
You feel drained.
The ushabti shakes and rattles deafeningly!
You block the bennu's attack.
The bennu claws you but does no damage. x2
The flying skull gives a hideous shriek!
You bludgeon the lich!!
The lich convulses!
The lich is severely damaged.
You block the emperor scorpion's attack.
The emperor scorpion claws you.
* * * LOW HITPOINT WARNING * * *
The emperor scorpion claws you but does no damage.
The emperor scorpion is engulfed in blazing flames.
The lich touches you but does no damage.
The royal mummy gestures at you while chanting.
Something smites you!
You die...

##############'
#............9.
#.........B....
#.....$...B..M.
#........°M.B..
#.....°°BBB.^..B...
#...^☼L§b..B..:....
#..#.○s♣99M........
#..#.☼ZsMM###.§9B..
#.^#...9s#ZM.#§....
#. #...s#z°.B.#≈...
..#..#s9M....# .#
...#..#s...MM.#..#
#.. #.#......M..#
#. .##.........##
#......○.☼..#


You could see 3 royal mummies, 6 emperor scorpions, a lich (fast, invisible), a
bennu, a guardian mummy, 5 ushabtiu, 8 death scarabs, a flying skull
(wandering), 4 mummies, a naga warrior zombie (wandering) and a centaur warrior
zombie.

Vanquished Creatures
  2 dread liches
  Khufu (Crypt:1)
  2 ancient liches
  Mara (Crypt:3)
  2 royal mummies
  the Lernaean hydra (Swamp:4)
  Bai Suzhen (Depths:2)
  5 caustic shrikes
  Saint Roka (Vaults:4)
  Vashnia (Snake:4)
  Nikola (Swamp:4)
  A bone dragon (Depths:2)
  Jory (Crypt:2)
  4 golden dragons
  2 doom hounds (Depths:2)
  6 liches
  Asterion (Snake:4)
  2 tentacled monstrosities
  A walking crystal tome (WizLab)
  2 walking earthen tomes
  A deep elf blademaster (Elf:3)
  A walking divine tome (Depths:3)
  A walking frostbound tome (WizLab)
  A quicksilver dragon (Vaults:5)
  4 deep elf master archers (Elf:3)
  5 titans (Vaults:5)
  3 ancient champions (Crypt:1)
  A thorn hunter (Swamp:2)
  6 tengu reavers
  9 sphinxes
  Frances (D:13)
  4 storm dragons
  2 strange machines (WizLab)
  Kirke (Swamp:2)
  4 shadow dragons
  2 revenants
  The ghost of Daeq the Warrior, a journeyman DrBe of Trog (Lair:1)
  A draconian monk (Depths:4)
  The ghost of Jisity the Bludgeoner, an adept HuFi of Okawaru (Orc:1)
  4 nagarajas
  9 frost giants
  10 deep elf sorcerers
  7 spectral caustic shrikes
  Aizul (Snake:4)
  2 caustic shrike zombies
  12 fire giants
  A juggernaut zombie (Tomb:1)
  2 iron dragons
  A draconian scorcher (Depths:4)
  A spectral juggernaut (Depths:2)
  A balrug (Depths:1)
  15 vault wardens
  An orc warlord (Orc:2)
  6 deep elf elementalists (Elf:3)
  4 ghouls (Crypt:1)
  A curse skull (Crypt:3)
  19 ironbound preservers
  9 war gargoyles
  The ghost of mattj7820 the Reanimator, a journeyman DsNe of Jiyva (Lair:6)
  A caustic shrike skeleton (Crypt:3)
  2 spriggan defenders (Depths:3)
  18 stone giants
  10 vampire knights
  21 very ugly things
  7 ironbound thunderhulks
  3 bennus
  9 deep elf demonologists
  A green draconian (Depths:4)
  2 eleionomae
  12 dire elephants
  9 deep elf annihilators
  Nessos (D:13)
  A minotaur (Gauntlet)
  The ghost of SHADDY the Severer, a journeyman DDFi of Jiyva (Lair:6)
  Azrael (Snake:3)
  2 spark wasps (Depths:1)
  A putrid mouth (Depths:2)
  3 red draconians (Depths:4)
  6 bunyips
  2 purple draconians (Depths:4)
  The ghost of SHADDY the Slicer, a journeyman VSFi of Jiyva (Lair:6)
  7 mummy priests
  6 eidola
  10 deep elf death magi
  12 ettins
  2 merfolk javelineers (Depths:4)
  A merfolk impaler (Depths:4)
  9 crystal guardians
  9 fire dragons
  3 spectral golden dragons (Depths:2)
  8 deep elf high priests
  A blizzard demon (Depths:1)
  7 great orbs of eyes
  11 jiangshi
  4 spriggan zombies
  15 yaktaur captains
  2 ice dragons (Depths:3)
  A fenstrider witch zombie (Crypt:2)
  2 ogre magi
  6 rakshasas
  A fire dragon (shapeshifter) (Depths:4)
  A quicksilver dragon skeleton (Crypt:3)
  3 peacekeepers
  3 boulder beetles
  Harold (Lair:2)
  25 naga warriors
  26 hydras
  A salamander tyrant (Snake:4)
  33 vault guards
  3 hell beasts
  2 catoblepae (Lair:6)
  A ghost crab (Swamp:3)
  3 caustic shrike simulacra (Depths:2)
  13 anacondas
  15 centaur warriors
  4 ironbound frosthearts
  4 spriggan air magi
  7 alligators
  2 death knights (Crypt:1)
  11 deep troll earth magi
  39 dancing weapons
  10 death yaks (Lair:6)
  11 deep troll shamans
  4 two-headed ogres
  20 death scarabs (Tomb:1)
  Urug (Orc:2)
  8 vampire magi
  8 tengu warriors
  12 naga sharpshooters
  2 orc high priests
  A shock serpent (shapeshifter) (Depths:4)
  Sonja (D:13)
  4 spriggan berserkers
  4 large abominations (Elf:1)
  4 shock serpents
  24 deep elf knights
  A soul eater (Depths:1)
  4 hell knights (Depths:3)
  7 salamander mystics
  17 skeletal warriors
  15 flayed ghosts
  An anaconda zombie (Crypt:3)
  2 goliath frogs
  10 iron trolls
  3 shadow wraiths
  A storm dragon skeleton (Crypt:3)
  An orange crystal statue (Depths:1)
  2 spriggan druids
  2 glowing orange brains
  9 swamp dragons
  An obsidian statue (D:15)
  82 deep trolls
  A spectral iron dragon (Depths:2)
  17 ironbound convokers
  14 wizards
  10 naga ritualists
  24 deep elf archers
  7 bog bodies
  A shadow dragon zombie (Crypt:3)
  16 lindwurms
  A mana viper (shapeshifter) (Elf:3)
  46 deep elf pyromancers
  6 orc sorcerers
  2 orc knights
  23 phantasmal warriors
  An anaconda skeleton (Crypt:3)
  An iron dragon zombie (Crypt:2)
  3 necromancers
  A fire giant zombie (Depths:2)
  4 harpies (Vaults:2)
  2 oklob plants (Lair:1)
  4 cyclopes
  A wolf spider (Lair:3)
  A tengu skeleton (Depths:2)
  42 slime creatures
  59 ugly things
  36 deep elf zephyrmancers
  15 mana vipers
  18 salamanders
  A sphinx skeleton (Depths:2)
  6 will-o-the-wisps
  5 manticores
  10 fire giant skeletons (Crypt:3)
  A centaur zombie (D:11)
  An elephant (shapeshifter) (Depths:3)
  Maurice (Orc:1)
  The ghost of erker the Digger, a novice OpEE (D:5)
  35 black mambas
  A frost giant skeleton (Depths:2)
  A black mamba (shapeshifter) (Elf:3)
  4 elephants (Lair:6)
  22 vault sentinels
  11 guardian serpents
  19 naga magi
  4 gargoyles (Crypt:3)
  A black draconian zombie (Crypt:2)
  9 cane toads
  An efreet (D:15)
  An unseen horror (D:9)
  9 komodo dragons
  Maggie (Lair:2)
  12 freezing wraiths
  2 tormentors (Depths:2)
  A catoblepas skeleton (Crypt:1)
  3 tengu conjurers
  3 rime drakes
  42 yaktaurs
  A golden dragon simulacrum (Depths:2)
  A queen bee (shapeshifter) (Gauntlet)
  4 trolls
  6 meliai
  2 harpy skeletons
  7 guardian mummies (Tomb:1)
  Prince Ribbit (D:6)
  A polar bear (Lair:6)
  13 hornets
  3 bloated husks
  3 tarantellas (shapeshifter)
  A shadow dragon simulacrum (Depths:2)
  13 blink frogs
  11 tyrant leeches
  An iron dragon simulacrum (Depths:2)
  An ettin skeleton (Tomb:1)
  A spriggan skeleton (Depths:2)
  12 flying skulls
  6 fire dragon skeletons (Crypt:3)
  A jumping spider (shapeshifter) (Orc:2)
  8 shadows
  5 vampires
  11 wraiths
  14 water elementals
  3 air elementals
  25 yaks
  A wyvern (Lair:3)
  A basilisk (shapeshifter) (Vaults:5)
  5 fire elementals
  16 spriggans
  2 basilisks (Lair:1)
  2 ushabtiu (Tomb:2)
  19 humans
  2 steam dragons
  Grum (D:8)
  4 vampire mosquitoes
  Menkaure (D:5)
  4 hogs (Swamp:2)
  16 swamp worms
  5 wargs
  44 nagas
  A water nymph zombie (Crypt:2)
  Edmund (D:6)
  13 water moccasins
  A floating eye (shapeshifter) (D:15)
  A naga skeleton (Crypt:3)
  2 floating eyes (Depths:3)
  2 hell hounds (Snake:3)
  12 swamp drakes
  35 orc warriors
  A blink frog zombie (Crypt:1)
  3 sky beasts
  A swamp dragon zombie (Crypt:2)
  2 ice beasts (D:8)
  A black bear (Lair:6)
  A black mamba simulacrum (Crypt:2)
  5 necrophages
  32 wolves
  10 ogres
  13 centaurs
  2 phantoms
  An elf zombie (Elf:1)
  5 kobold brigands
  11 bullfrogs
  A cyclops zombie (Crypt:1)
  A gnoll sergeant (D:7)
  3 scorpions (D:5)
  An earth elemental (Elf:3)
  A water moccasin zombie (Crypt:1)
  A troll zombie (D:9)
  2 water moccasin skeletons (Crypt:2)
  A queen bee zombie (Crypt:1)
  5 killer bees
  A polar bear skeleton (Crypt:1)
  4 electric eels
  2 crimson imps
  2 hounds (D:4)
  2 jellies
  Crazy Yiuf (D:4)
  26 orc priests
  An iron imp (D:10)
  Jessica (D:3)
  3 iguanas
  Natasha (thrice) (D:3)
  35 orc wizards
  A basilisk skeleton (Crypt:1)
  4 hell rats (Lair:4)
  A killer bee zombie (D:9)
  A felid zombie (Crypt:2)
  7 ogre zombies (D:9)
  A hound zombie (D:5)
  2 hound skeletons (D:4)
  15 mummies
  A howler monkey zombie (D:7)
  8 adders
  7 gnolls
  2 river rats (Sewer)
  A shadow imp (D:10)
  2 white imps
  An iguana skeleton (Crypt:1)
  2 worms (D:4)
  A dart slug (D:4)
  117 orcs
  8 bats
  7 endoplasms
  2 giant cockroaches
  12 goblins
  5 hobgoblins
  10 jackals
  2 quokkas
  9 ball pythons
  7 frilled lizards
  A gnoll skeleton (Crypt:2)
  2 goblin skeletons (D:9)
  3 goblin zombies (D:9)
  2 hobgoblin skeletons (D:9)
  3 hobgoblin zombies (D:9)
  27 kobolds
  An orc skeleton (D:9)
  14 orc zombies (D:9)
  7 rats
  A briar patch (Swamp:2)
2286 creatures vanquished.

Vanquished Creatures (collateral kills)
  A nagaraja (Snake:4)
  2 anacondas (Snake:2)
  A naga (Snake:2)
4 creatures vanquished.

Vanquished Creatures (others)
  A fire giant (Depths:3)
  A frost giant (Vaults:5)
  A deep elf death mage (Depths:2)
  A rakshasa (WizLab)
  A vault guard (Vaults:5)
  A naga sharpshooter (Snake:4)
  A shadow wraith (Vaults:5)
  A phantasmal warrior (Vaults:5)
  A wizard (D:14)
  3 bloated husks (Swamp:1)
  A human (Swamp:2)
  A vampire mosquito (Swamp:1)
  An orc wizard (D:10)
  15 foxfires
  25 fungi
  37 plants
  17 withered plants
109 creatures vanquished.

Grand Total: 2399 creatures vanquished

Notes
Turn   | Place    | Note
-------+----------+-------------------------------------------
     0 | D:1      | mcbry74 the Hill Orc Fighter began the quest for the Orb.
     0 | D:1      | Reached XP level 1. HP: 19/19 MP: 1/1
   149 | D:1      | Reached skill level 3 in Axes
   228 | D:1      | Found a faded altar of an unknown god.
   329 | D:1      | Reached XP level 2. HP: 27/27 MP: 2/2
   988 | D:2      | Reached XP level 3. HP: 32/33 MP: 3/3
  1256 | D:2      | Reached skill level 4 in Axes
  1264 | D:2      | Reached XP level 4. HP: 18/40 MP: 4/4
  1736 | D:3      | Noticed Natasha
  1746 | D:3      | Killed Natasha
  1824 | D:3      | Noticed Natasha
  1830 | D:3      | Killed Natasha
  1831 | D:3      | Reached skill level 5 in Axes
  1831 | D:3      | Reached XP level 5. HP: 46/46 MP: 5/5
  1841 | D:3      | Noticed Natasha
  1847 | D:3      | Killed Natasha
  1965 | D:3      | Noticed Jessica
  1982 | D:3      | Killed Jessica
  2155 | D:3      | Found a broken altar of Ashenzari.
  2277 | D:4      | Found a runed translucent door.
  2278 | D:4      | Noticed Crazy Yiuf
  2314 | D:4      | Found a hazy altar of Hepliaklqana.
  2321 | D:4      | Reached skill level 6 in Axes
  2321 | D:4      | Reached XP level 6. HP: 52/52 MP: 6/6
  2563 | D:4      | Found a glowing drain.
  2573 | Sewer    | Entered a sewer
  2599 | Sewer    | Reached skill level 5 in Armour
  2678 | Sewer    | Reached skill level 7 in Axes
  2678 | Sewer    | Reached XP level 7. HP: 52/59 MP: 7/7
  3594 | D:4      | Killed Crazy Yiuf
  3654 | D:5      | Entered Level 5 of the Dungeon
  3654 | D:5      | Noticed Menkaure
  3664 | D:5      | Killed Menkaure
  3665 | D:5      | Reached skill level 8 in Axes
  3864 | D:5      | Found a runed translucent gate.
  3864 | D:5      | Found a runed translucent gate.
  3864 | D:5      | Found a runed translucent gate.
  3878 | D:5      | Found a staircase to the Ecumenical Temple.
  3882 | Temple   | Entered the Ecumenical Temple
  3982 | Temple   | Became a worshipper of Qazlal Stormbringer
  4018 | D:5      | Reached skill level 9 in Axes
  4104 | D:5      | Noticed erker's ghost (novice OpEE)
  4120 | D:5      | Killed erker's ghost
  4121 | D:5      | Reached skill level 10 in Axes
  4121 | D:5      | Reached XP level 8. HP: 66/66 MP: 7/10
  4435 | D:5      | Identified a scroll of acquirement
  4522 | D:5      | You fall into a shaft and drop 3 floors!
  4539 | D:8      | Reached * piety under Qazlal
  4603 | D:8      | Noticed Grum
  4634 | D:7      | Noticed a vampire
  4642 | D:7      | Killed a vampire
  4643 | D:7      | Reached skill level 11 in Axes
  4643 | D:7      | Reached XP level 9. HP: 55/71 MP: 12/12
  4787 | D:7      | Reached skill level 5 in Invocations
  4892 | D:6      | Noticed Prince Ribbit
  4907 | D:6      | Killed Prince Ribbit
  4908 | D:6      | Reached skill level 12 in Axes
  5269 | D:6      | Found a burning altar of Makhleb.
  5335 | D:6      | Noticed Edmund
  5345 | D:6      | Killed Edmund
  6241 | D:7      | Reached skill level 13 in Axes
  6441 | D:7      | Reached XP level 10. HP: 58/78 MP: 15/15
  6686 | D:8      | Reached skill level 1 in Bows
  6955 | D:8      | Reached ** piety under Qazlal
  6967 | D:8      | Killed Grum
  7188 | D:8      | Paralysed by a hornet for 1 turns
  7709 | D:9      | Found a staircase to the Orcish Mines.
  7738 | D:9      | Reached skill level 14 in Axes
  7916 | D:9      | Reached *** piety under Qazlal
  8228 | D:9      | Found Qiama's General Store.
  8282 | D:9      | Noticed a cyclops
  8291 | D:9      | Killed a cyclops
  8308 | D:9      | Found a radiant altar of Vehumet.
  8309 | D:9      | Found a glowing golden altar of the Shining One.
  8675 | D:10     | Entered Level 10 of the Dungeon
  8697 | D:9      | Killed an unseen horror
  8698 | D:9      | Reached skill level 1 in Maces & Flails
  8896 | D:10     | Reached XP level 11. HP: 75/85 MP: 17/17
  8951 | D:10     | Noticed a two-headed ogre
  8962 | D:10     | Killed a two-headed ogre
  8963 | D:10     | Reached skill level 5 in Fighting
  9195 | D:10     | Identified the +9 long sword "Mum Dety" {holy, *Rage rN+++
                  | Int+3}
  9467 | D:10     | Noticed a deep elf pyromancer
  9529 | D:10     | Killed a deep elf pyromancer
  9568 | D:10     | Found the +2 hood of the Assassin {Detection Stab+ Stlth++}
  9568 | D:10     | Noticed a deep elf zephyrmancer
  9580 | D:10     | HP: 4/88 [deep elf zephyrmancer/bolt of lightning (23)]
  9587 | D:10     | Killed a deep elf zephyrmancer
  9695 | D:10     | Found an opulent altar of Gozag.
  9738 | D:11     | Noticed a manticore
  9743 | D:11     | Killed a manticore
  9929 | D:11     | Acquired a manual of Earth Magic
  9933 | D:11     | Acquired a +2 tower shield of cold resistance
 10014 | D:11     | Noticed a manticore
 10025 | D:11     | Killed a manticore
 10025 | D:11     | Reached **** piety under Qazlal
 10026 | D:11     | Reached skill level 5 in Maces & Flails
 10278 | D:11     | Found a staircase to the Lair.
 10879 | Lair:1   | Entered Level 1 of the Lair of Beasts
 10900 | Lair:1   | Reached skill level 10 in Armour
 11110 | Lair:1   | Noticed a six-headed hydra
 11122 | Lair:1   | Killed a six-headed hydra
 11228 | Lair:1   | Noticed an oklob plant
 11229 | Lair:1   | Noticed an oklob plant
 11806 | Lair:1   | Killed an oklob plant
 11834 | Lair:1   | Killed an oklob plant
 11835 | Lair:1   | Reached skill level 5 in Bows
 11884 | Lair:2   | Reached XP level 12. HP: 77/97 MP: 19/19
 11915 | Lair:2   | Found a staircase to the Snake Pit.
 11991 | Lair:2   | Reached skill level 10 in Invocations
 12292 | Lair:2   | Noticed Maggie
 12298 | Lair:2   | Killed Maggie
 12437 | Lair:2   | Found a staircase to the Swamp.
 12769 | Lair:2   | Noticed Harold
 12780 | Lair:2   | Killed Harold
 13569 | Lair:3   | Noticed an eight-headed hydra
 13579 | Lair:3   | Killed an eight-headed hydra
 13876 | Lair:3   | Reached ***** piety under Qazlal
 14594 | Lair:4   | Reached XP level 13. HP: 108/108 MP: 21/21
 14932 | Lair:4   | Identified the ring "Gosabumy" {rPois rF+ Will+ MP+9 Str+4}
 15397 | Lair:5   | Reached skill level 10 in Maces & Flails
 15438 | Lair:5   | Found a gate leading to a gauntlet.
 15469 | Gauntlet | Entered a Gauntlet
 15469 | Gauntlet | Found a transporter.
 15483 | Gauntlet | Found a runed translucent gate.
 15483 | Gauntlet | Found a runed translucent gate.
 15483 | Gauntlet | Found a runed translucent gate.
 15485 | Gauntlet | Found a transporter.
 15488 | Gauntlet | Found a transporter.
 15489 | Gauntlet | Found a transporter.
 15500 | Gauntlet | Found a transporter.
 15500 | Gauntlet | Found a transporter.
 15501 | Gauntlet | Found a transporter.
 15509 | Gauntlet | Found a transporter.
 15512 | Gauntlet | Found a transporter.
 15513 | Gauntlet | Found a transporter.
 15522 | Gauntlet | Found a transporter.
 15524 | Gauntlet | Found a transporter.
 15525 | Gauntlet | Found a transporter.
 15537 | Gauntlet | Found the +2 cloak of the Thief {*Fog Slay-2 SInv Stlth+}
 15538 | Gauntlet | Found a transporter.
 15748 | Gauntlet | Identified the +4 mace "Newtslayer" {vorpal, rF+ Dex+4}
 15748 | Gauntlet | Identified the ring of Lesuec {rC+ EV+4}
 15748 | Gauntlet | Noticed a minotaur
 15760 | Gauntlet | Killed a minotaur
 16537 | Lair:6   | Entered Level 6 of the Lair of Beasts
 16537 | Lair:6   | Found a runed translucent gate.
 16537 | Lair:6   | Found a runed translucent gate.
 16537 | Lair:6   | Found a runed translucent gate.
 16595 | Lair:6   | Noticed mattj7820's ghost (journeyman DsNe)
 16595 | Lair:6   | Noticed SHADDY's ghost (journeyman DDFi)
 16595 | Lair:6   | Noticed SHADDY's ghost (journeyman VSFi)
 16756 | Lair:6   | Found a staircase to the Slime Pits.
 16832 | Lair:6   | Acquired the +0 pair of boots of Nahuth {rF- Regen+ rCorr
                  | Dex+5}
 16980 | Lair:6   | Reached skill level 10 in Fighting
 16980 | Lair:6   | Reached XP level 14. HP: 120/121 MP: 23/23
 17071 | Lair:6   | Noticed a dire elephant
 17088 | Lair:6   | Killed a dire elephant
 17960 | Lair:6   | Killed SHADDY's ghost
 17963 | Lair:6   | Killed mattj7820's ghost
 17972 | Lair:6   | Killed SHADDY's ghost
 18237 | Orc:1    | Entered Level 1 of the Orcish Mines
 18253 | Orc:1    | Noticed Maurice
 18265 | Orc:1    | Killed Maurice
 18671 | Orc:1    | Found a runed translucent door.
 18672 | Orc:1    | Noticed Jisity's ghost (adept HuFi)
 18683 | Orc:1    | Killed Jisity's ghost
 18960 | Orc:2    | Entered Level 2 of the Orcish Mines
 19086 | Orc:2    | Reached ****** piety under Qazlal
 19302 | Orc:2    | Found a roughly hewn altar of Beogh.
 19356 | Orc:2    | Found a roughly hewn altar of Beogh.
 19360 | Orc:2    | Found Inixob's Antique Weapon Boutique.
 19384 | Orc:2    | Noticed Urug
 19395 | Orc:2    | Killed Urug
 19425 | Orc:2    | Bought a translucent war axe for 212 gold pieces
 19425 | Orc:2    | Identified the +5 war axe of Sakhah {vorpal, rF+} (You
                  | bought it in a shop on level 2 of the Orcish Mines)
 19496 | Orc:2    | Found a roughly hewn altar of Beogh.
 19596 | Orc:2    | Noticed an orc warlord
 19612 | Orc:2    | Killed an orc warlord
 20143 | Orc:2    | Found a staircase to the Elven Halls.
 20157 | Orc:2    | Found a roughly hewn altar of Beogh.
 20163 | Orc:2    | Found Rustrouph's Armour Shoppe.
 20223 | Orc:2    | Found a roughly hewn altar of Beogh.
 20383 | Orc:2    | Found Iral's Antique Weapon Emporium.
 20384 | Orc:2    | Found a roughly hewn altar of Beogh.
 20385 | Orc:2    | Found Helafaokh's Antique Armour Shoppe.
 20392 | Orc:2    | Bought a shimmering shortbow for 184 gold pieces
 20392 | Orc:2    | Identified the +4 shortbow "Beetleslayer" {venom, rF+
                  | rCorr} (You bought it in a shop on level 2 of the Orcish
                  | Mines)
 20727 | Elf:1    | Entered Level 1 of the Elven Halls
 20740 | Elf:1    | Reached skill level 1 in Evocations
 20740 | Elf:1    | Reached XP level 15. HP: 107/130 MP: 25/25
 20823 | Elf:1    | Reached skill level 15 in Axes
 20898 | Elf:1    | Reached skill level 1 in Dodging
 21006 | Elf:1    | Noticed a cacodemon
 21008 | Elf:1    | Gained mutation: You sometimes lose the ability to read
                  | scrolls when taking damage. [a cacodemon]
 21010 | Elf:1    | Gained mutation: Armour fits poorly on your strangely
                  | shaped body. [a cacodemon]
 21046 | Elf:1    | Identified the +9 trident of the Fifty Brambles {protect,
                  | rPois MP+9 Str+7 Int-5}
 21186 | Elf:1    | Identified the +7 ring mail of Lethargy {Slay+5}
 21814 | Elf:1    | Got Kikubaaqudgha's Collected Works on Necromancy
 21846 | Elf:1    | Reached skill level 16 in Axes
 21980 | Elf:1    | Got the Volume of Summoning
 22428 | Elf:1    | Reached XP level 16. HP: 115/138 MP: 27/27
 22445 | Elf:1    | Identified the ring "Atiyd" {rElec rC+ rN+ Int+6 Slay-4}
 22728 | Elf:1    | Found Gysest's Antique Armour Emporium.
 23172 | Swamp:1  | Entered Level 1 of the Swamp
 23278 | Swamp:1  | Reached skill level 1 in Polearms
 23366 | Lair:2   | Reached skill level 5 in Dodging
 23547 | Swamp:1  | Found a hide-covered altar of Uskayaw.
 23666 | Swamp:1  | Reached skill level 15 in Invocations
 23735 | Swamp:1  | Found a runed translucent gate.
 23737 | Swamp:1  | Found a runed translucent gate.
 23737 | Swamp:1  | Found a runed translucent gate.
 23737 | Swamp:1  | Noticed Daeq's ghost (journeyman DrBe)
 23927 | Swamp:1  | Reached skill level 10 in Bows
 24207 | Swamp:1  | Acquired a manual of Bows
 24245 | Lair:2   | HP: 6/138 [Daeq's ghost (8)]
 24304 | Lair:1   | Killed Daeq's ghost
 24375 | Lair:2   | Reached skill level 5 in Evocations
 24635 | Swamp:2  | Noticed Kirke
 24644 | Swamp:2  | Killed Kirke
 24767 | Swamp:2  | Noticed a thorn hunter
 24781 | Swamp:2  | Killed a thorn hunter
 24892 | Swamp:2  | Identified the +8 spear of the Dwarven Hall {speed, Fragile
                  | Fly Will+}
 25442 | Swamp:3  | Noticed a tentacled monstrosity
 25451 | Swamp:3  | Killed a tentacled monstrosity
 26507 | Lair:1   | Lost mutation: You sometimes lose the ability to read
                  | scrolls when taking damage. [potion of mutation]
 26507 | Lair:1   | Lost mutation: Armour fits poorly on your strangely shaped
                  | body. [potion of mutation]
 26507 | Lair:1   | Gained mutation: You are frail. (-10% HP) [potion of
                  | mutation]
 26507 | Lair:1   | Gained mutation: You are dopey. (Int -2) [potion of
                  | mutation]
 26507 | Lair:1   | Gained mutation: Your muscles are strong. (Str +2) [potion
                  | of mutation]
 26508 | Lair:1   | Lost mutation: You are frail. (-10% HP) [potion of
                  | mutation]
 26508 | Lair:1   | Lost mutation: Your muscles are strong. (Str +2) [potion of
                  | mutation]
 26508 | Lair:1   | Gained mutation: You expend magic power (3 MP) to
                  | strengthen your wands. [potion of mutation]
 26508 | Lair:1   | Gained mutation: You are agile. (Dex +2) [potion of
                  | mutation]
 26616 | Snake:1  | Entered Level 1 of the Snake Pit
 27146 | Snake:1  | Reached XP level 17. HP: 126/146 MP: 28/28
 27190 | Snake:1  | Found a snail-covered altar of Cheibriados.
 28606 | Snake:2  | Reached skill level 15 in Armour
 28886 | Snake:2  | Found Urueddi's Weapon Shop.
 28960 | Snake:2  | Bought the +10 executioner's axe "Gaisinew" {vamp, rF- rN+
                  | rCorr Str+4} for 1276 gold pieces
 29651 | Snake:3  | Noticed Azrael
 29665 | Snake:3  | Killed Azrael
 29939 | Snake:3  | Found a hide-covered altar of Uskayaw.
 30241 | Lair:1   | Reached XP level 18. HP: 157/157 MP: 29/29
 30597 | Snake:3  | Identified the +5 ring mail of Negation {rElec SInv}
 30827 | Snake:4  | Entered Level 4 of the Snake Pit
 30827 | Snake:4  | Noticed Aizul
 30840 | Snake:4  | Killed Aizul
 31019 | Snake:4  | Reached skill level 17 in Axes
 31233 | Snake:4  | Noticed Vashnia
 31265 | Snake:4  | Killed Vashnia
 31266 | Snake:4  | Reached XP level 19. HP: 141/163 MP: 30/30
 31641 | Snake:4  | Reached skill level 15 in Bows
 32021 | Snake:4  | Reached skill level 18 in Axes
 32053 | Snake:4  | Got a serpentine rune of Zot
 32271 | Snake:4  | Noticed Asterion
 32284 | Snake:4  | Killed Asterion
 32308 | Snake:4  | Reached skill level 10 in Evocations
 33040 | Lair:1   | Acquired 885 gold pieces
 33506 | Swamp:4  | Entered Level 4 of the Swamp
 33798 | Swamp:4  | Reached skill level 10 in Dodging
 33882 | Swamp:4  | Noticed Nikola
 33904 | Swamp:4  | Killed Nikola
 34342 | Swamp:4  | Noticed the 27-headed Lernaean hydra
 34345 | Swamp:4  | Killed the 27-headed Lernaean hydra
 34563 | Swamp:4  | Got a decaying rune of Zot
 35201 | D:12     | Reached XP level 20. HP: 174/174 MP: 31/31
 35826 | D:13     | Noticed Nessos
 35831 | D:13     | Killed Nessos
 35965 | D:13     | Reached skill level 19 in Axes
 36118 | D:13     | Noticed Frances
 36126 | D:13     | Killed Frances
 36154 | D:13     | Noticed Sonja
 36160 | D:13     | Killed Sonja
 36690 | D:14     | Found a hazy altar of Hepliaklqana.
 36741 | D:14     | Reached skill level 1 in Throwing
 36945 | D:14     | Found a gate to the Vaults.
 37161 | D:15     | Entered Level 15 of the Dungeon
 37505 | D:15     | Found a staircase to the Depths.
 38511 | Elf:2    | Lost mutation: You are agile. (Dex +2) [a cacodemon]
 38711 | Elf:2    | Found a runed translucent gate.
 38712 | Elf:2    | Found a runed translucent gate.
 38712 | Elf:2    | Found a runed translucent gate.
 38743 | Elf:2    | Paralysed by an air elemental for 1 turns
 38853 | Elf:2    | Found a hide-covered altar of Uskayaw.
 38882 | Elf:2    | Reached skill level 20 in Axes
 39197 | Elf:2    | Reached XP level 21. HP: 151/183 MP: 32/32
 39327 | Elf:2    | Reached skill level 5 in Throwing
 39610 | Elf:3    | Entered Level 3 of the Elven Halls
 39681 | Elf:3    | Reached skill level 15 in Fighting
 40071 | Elf:3    | Paralysed by an air elemental for 1 turns
 40389 | Elf:3    | Identified the +5 scythe of Agony {vorpal, rC+ Will+ Str+4}
 40406 | Elf:3    | Gained mutation: Your muscles are strong. (Str +2) [a
                  | neqoxec]
 40409 | Elf:3    | Gained mutation: Your spells are a little easier to cast,
                  | but a little less powerful. [a neqoxec]
 40643 | Elf:3    | Identified the +6 quick blade of the Lame Duck {freeze,
                  | rElec rC+ Int+8 SInv}
 40663 | Elf:3    | Identified the +1 dagger of Demand {vorpal, rC- rN+ Will+
                  | Dex+4}
 40718 | Elf:3    | Identified the +4 scale mail of Demons {rN+}
 40719 | Elf:3    | Identified the +0 scale mail "Renay" {MP+9}
 40734 | Elf:3    | Identified the ring of Deotadorph {*Corrode rElec rPois rC+
                  | rN+}
 40741 | Elf:3    | Identified the +0 leather armour of the Cicada {-Cast rC++
                  | Slay+2}
 40748 | Elf:3    | Identified the ring of Bodily Harmony {Fly Slay+2}
 41336 | Elf:3    | Found Ydohibra's Weapon Boutique.
 42206 | Vaults:1 | Entered Level 1 of the Vaults
 42512 | Vaults:1 | Reached skill level 21 in Axes
 43656 | Vaults:1 | Reached XP level 22. HP: 193/193 MP: 33/33
 44754 | Vaults:2 | Found a staircase to the Crypt.
 44909 | Vaults:2 | Found a transporter.
 44956 | Vaults:2 | Found a transporter.
 46118 | Vaults:3 | Reached skill level 5 in Shields
 46503 | Vaults:3 | Reached skill level 22 in Axes
 46999 | Elf:1    | Bought the +8 orange crystal plate armour {Archmagi, Int+3
                  | Clar} for 3179 gold pieces
 46999 | Elf:1    | Found the +8 orange crystal plate armour {Archmagi, Int+3
                  | Clar}
 47628 | Vaults:3 | Identified the +4 leather armour of the Chupacabra {Fly
                  | rPois rF+ Int-5}
 47837 | Vaults:3 | Reached XP level 23. HP: 202/202 MP: 34/34
 48571 | Vaults:4 | Identified the +1 chain mail of Curiosity {Int+2}
 49840 | Vaults:4 | Found a portal to a secret trove of treasure.
 49941 | Vaults:4 | Noticed Saint Roka
 49949 | Vaults:4 | Killed Saint Roka
 50367 | Vaults:5 | Entered Level 5 of the Vaults
 50377 | Vaults:5 | Noticed a dread lich
 50380 | Vaults:5 | Noticed a golden dragon
 50391 | Vaults:5 | Noticed an ancient lich
 50394 | Vaults:5 | Reached skill level 23 in Axes
 50397 | Vaults:5 | Killed a dread lich
 50416 | Vaults:5 | Reached XP level 24. HP: 167/212 MP: 34/34
 50556 | Vaults:5 | Killed an ancient lich
 50719 | Vaults:5 | Identified the amulet of Fragile Peace {Reflect rElec SH+5}
 50767 | Vaults:5 | Identified the +10 spear "Ogreslayer" {vorpal, rElec}
 50767 | Vaults:5 | Identified the amulet of Huxelan {Reflect Str+2 SH+5}
 51078 | Vaults:5 | Found the ring of the Hare {EV+8}
 51087 | Vaults:5 | Got the Grimoire of Supportive Ice
 51239 | Vaults:5 | Found the +3 hat of Pondering {ponderous, Will+ MP+10
                  | Int+5}
 51252 | Vaults:5 | Reached skill level 24 in Axes
 51366 | Vaults:5 | Found Xugeot's Book Shoppe.
 51379 | Vaults:5 | Got the Compendium of Flamy Shape Shifting
 51380 | Vaults:5 | Identified the +1 leather armour of Tentacled Miracles
                  | {rC+}
 51538 | Vaults:5 | Identified the +9 long sword of Zykapp Velu {protect, rElec
                  | rPois Str+2 Int+3}
 51539 | Vaults:5 | Identified the ring of Ofuphiann {rN+ EV+4 Str+2}
 51740 | Vaults:5 | Got a silver rune of Zot
 51744 | Vaults:5 | Identified the +3 ring mail "Vofuh" {rElec Regen+}
 51935 | Vaults:5 | Identified the ring "Nahedeis" {EV+4 Dex+7 SInv}
 52418 | Depths:1 | Entered Level 1 of the Depths
 52550 | Depths:1 | Reached skill level 10 in Throwing
 52696 | Depths:1 | Found a gateway to Hell.
 53018 | Depths:1 | Reached XP level 25. HP: 222/222 MP: 34/34
 53196 | Depths:1 | Reached skill level 10 in Shields
 53296 | Depths:1 | Found the +3 crown of Dyrovepreva {rElec Int+2 SInv}
 53635 | Depths:2 | Found a one-way gate to the infinite horrors of the Abyss.
 53733 | Depths:2 | Found a magical portal.
 53756 | WizLab   | Entered Tukima's Studio
 54196 | Depths:2 | Noticed Bai Suzhen
 54232 | Depths:2 | Killed Bai Suzhen
 54534 | Depths:2 | Identified the +16 shadow dragon scales of Wutoijeg {Int+7
                  | Slay+4 Stlth++++}
 54565 | Depths:2 | Reached skill level 25 in Axes
 54627 | Depths:2 | Found an ancient bone altar of Kikubaaqudgha.
 54631 | Depths:2 | Identified the +10 plate armour of the Devil {rPois}
 54659 | Depths:2 | Identified the +10 war axe of Zin {protect, MP+9 Str+4
                  | Dex+3}
 54802 | Depths:2 | Found a one-way gate leading to the halls of Pandemonium.
 55505 | Depths:3 | Noticed an ancient lich
 55524 | Depths:3 | Killed an ancient lich
 55531 | Depths:3 | Identified the ring of Luisump {rPois rC+ rCorr Str-4
                  | Dex+6}
 55656 | Depths:3 | Paralysed by a floating eye for 3 turns
 55811 | Depths:3 | Reached XP level 26. HP: 229/233 MP: 34/34
 56142 | Depths:3 | Identified the +8 great mace of Qeske {holy, rF+ SInv
                  | Stlth+}
 56197 | Depths:3 | Identified the +11 scimitar of the Globe {antimagic,
                  | Fragile Fly Int+7 Stlth+}
 56200 | Depths:3 | Identified the +8 great sword of Lust {vorpal, Str+5}
 56578 | Depths:3 | Identified the +8 chain mail of Goummo {Rampage rF+}
 56579 | Depths:3 | Identified the ring of Ashroiv {Fire Dex+3}
 56713 | Depths:3 | Found a white marble altar of Elyvilon.
 56873 | Depths:3 | You fall into a shaft and drop 1 floor!
 56873 | Depths:4 | Entered Level 4 of the Depths
 57339 | Depths:4 | Acquired the +0 pair of gloves of Philately {Fly Regen+
                  | rCorr Dex-4}
 58031 | Depths:4 | Found a one-way gateway to a ziggurat.
 58035 | Depths:4 | Learned a level 2 spell: Blink
 58078 | Depths:4 | Reached skill level 1 in Translocations
 58158 | Depths:4 | Found a gate to the Realm of Zot.
 58640 | Crypt:1  | Entered Level 1 of the Crypt
 59195 | Crypt:1  | Noticed a royal mummy
 59209 | Crypt:1  | Noticed Khufu
 59345 | Crypt:1  | Noticed a royal mummy
 59354 | Crypt:1  | Killed Khufu
 59469 | Crypt:1  | Killed a royal mummy
 59475 | Vaults:2 | Killed a royal mummy
 62396 | Crypt:2  | Noticed Jory
 62418 | Crypt:2  | Killed Jory
 63228 | Crypt:3  | Entered Level 3 of the Crypt
 63363 | Crypt:3  | Reached skill level 5 in Translocations
 63376 | Crypt:3  | Reached XP level 27. HP: 211/244 MP: 35/35
 64363 | Crypt:3  | Found an ancient bone altar of Kikubaaqudgha.
 64379 | Crypt:3  | Noticed a dread lich
 64394 | Crypt:3  | Paralysed by a dread lich for 6 turns
 64402 | Crypt:3  | Paralysed by a dread lich for 5 turns
 64411 | Crypt:3  | Killed a dread lich
 64427 | Crypt:3  | Identified the ring "Ciewk" {rC+ rN+ Dex+4}
 64427 | Crypt:3  | Identified the ring "Udauto" {*Corrode rF++ rN+ Slay+5}
 64427 | Crypt:3  | Identified the ring "Goijir Fiopi" {rC+ rN+ Int+2}
 64545 | Crypt:3  | Got Leblis's Compendium of the Ashen Snowflakes
 64884 | Crypt:3  | Paralysed by a vampire knight for 7 turns
 65085 | Crypt:3  | Found a staircase to the Tomb.
 65123 | Crypt:3  | Identified the ring "Heyruexich" {Fly Str+4 Int+9 Stlth+}
 65361 | Crypt:3  | Noticed Mara
 65376 | Crypt:3  | Killed Mara
 66252 | Tomb:1   | Entered Level 1 of the Tomb of the Ancients
 67673 | Tomb:2   | Noticed a royal mummy
 67674 | Tomb:2   | Noticed a royal mummy
 67678 | Tomb:2   | Noticed a royal mummy
 67680 | Tomb:2   | Noticed a royal mummy
 67693 | Tomb:2   | HP: 7/245 [emperor scorpion[a royal mummy] (7)]
 67699 | Tomb:2   | HP: 12/367 [centaur warrior zombie (3)]
 67699 | Tomb:2   | HP: 4/367 [lich (8)]
 67700 | Tomb:2   | HP: 1/364 [emperor scorpion[a royal mummy] (4)]
 67700 | Tomb:2   | Killed from afar by a royal mummy

Illustrated notes

Levels and vault maps discovered:
D:1:      erik_arrival_orb_chamber, layout_basic, serial_rivers,
          chequers_serial_rivers_marsh, chequers_serial_rivers_room_a,
          chequers_serial_rivers_small_a, chequers_serial_rivers_micro_c,
          chequers_serial_rivers_micro_b, hellmonk_ecumenical_altar_blasted
D:2:      layout_loops_ring, minmay_liquid_box
D:3:      layout_rooms, mainiacjoe_overflow_alcove_4, uniq_natasha, uniq_jessica
D:4:      layout_basic, lemuel_doored_altar, cheibrodos_sewer_entry_sluice,
          minmay_circle_x, uniq_crazy_yiuf_cottage
D:5:      layout_basic, minmay_temple_entry_grid, gammafunk_ghost_nasty_kobolds,
          uniq_menkaure
D:6:      layout_basic, lemuel_round_altar, serial_glass, glass_columns_b,
          glass_columns_b, glass_columns_c, glass_columns_c, glass_columns_b,
          uniq_prince_ribbit1, uniq_edmund
D:7:      layout_loops_corners
D:8:      layout_basic, enter_bailey_3, uniq_grum
D:9:      layout_stronghold, minitemple, zombieorc2_lemuel, serial_shops, shop,
          hangedman_decor_diamond_cutter, kennysheep_generic_room_10
D:10:     layout_cave_pools, lemuel_coloured_pillars_altar,
          hangedman_minor_magic
D:11:     layout_grid_maze, lair_entry_dummy
D:12:     layout_loops_cross
D:13:     layout_loops_ring, uniq_frances, uniq_sonja, uniq_nessos
D:14:     layout_cave_pools, grunt_vaults_entry_tiered, serial_rivers,
          chequers_serial_rivers_room_a, chequers_serial_rivers_marsh,
          chequers_serial_rivers_room_b, chequers_serial_rivers_micro_c,
          nicolae_hepliaklqana_hazy_memory
D:15:     gammafunk_enter_depths_forms, layout_long_grid,
          grunt_decor_mini_mirrors, corexii_corridor_pit, minivault_16,
          lightli_wizard_tower
Temple:   eino_temple_rhombus
Lair:1:   dpeg_oklob_gauntlet, layout_chaotic_city
Lair:2:   layout_layer_cave, nicolae_swamp_entry_splash_gauntlet,
          minmay_snake_entry_guardpost_small, uniq_harold, uniq_maggie
Lair:3:   layout_regular_city, nicolae_lair_run_with_the_wolves,
          grunt_megastairs_5
Lair:4:   layout_long_grid, minivault_19, serial_bayou_crossing
Lair:5:   statuecave_lemuel, layout_regular_city, gauntlet_entry_generic
Lair:6:   grunt_lair_end_beastmaster, layout_cave_pods, slime_dummy,
          gammafunk_ghost_cemetery
Swamp:1:  layout_basic_swamp, gammafunk_ghost_hydra_chop, serial_swamp_ruin,
          evilmike_swamp_ruin_wall, evilmike_swamp_ruin_house_3, swamp_pool5,
          lemuel_altar_in_water
Swamp:2:  layout_basic_swamp, evilmike_swamp_ruin_house_6, swamp_pool1,
          infiniplex_staircase_pool, uniq_kirke
Swamp:3:  nicolae_swamp_secret_spriggan_hideout, layout_basic_swamp,
          nicolae_swamp_dense_foliage, swamp_pool1, statue_in_the_mist_lemuel,
          nicolae_swamp_stair_fork
Swamp:4:  swamp_old_school, layout_basic_swamp, swamp_pool1,
          nicolae_swamp_wisp_ring_woods, uniq_nikola
Snake:1:  layout_onion_interference, basic_altar, serial_bayou_shore_b
Snake:2:  layout_grid_shapes, minmay_shop_star
Snake:3:  layout_onion_interference, basic_altar, uniq_azrael
Snake:4:  snake_pit_salamanders_mu, layout_cave_town, uniq_vashnia, uniq_aizul,
          uniq_asterion
Orc:1:    layout_caves, ebering_ghost_reflecting_pool, uniq_maurice
Orc:2:    grunt_orc_community_town_hall, layout_diamond_mine,
          grunt_orc_community_big_house_1, grunt_orc_community_big_house_2,
          grunt_orc_community_house_2, grunt_orc_community_house_2,
          grunt_orc_community_house_2, grunt_orc_community_house_2,
          grunt_orc_community_house_1, grunt_orc_community_house_2, uniq_urug
Elf:1:    minmay_elf_arrival_plus, layout_loops_corners,
          portal_desolation_entry_nicolae_slug, serial_shops,
          nicolae_shop_stone, minmay_elf_demonology, minmay_elf_necromancy
Elf:2:    nicolae_elf_blades_crystal_corner, layout_geoelf_grid, serial_sigils,
          serial_sigils_hangedman_shear, serial_sigils_hangedman_leer,
          serial_sigils_hangedman_writhe, serial_sigils_hangedman_shear,
          drop_trap, nicolae_elf_altarnating
Elf:3:    minmay_elf_hall_quartered_circle, layout_geoelf_castle, serial_shops,
          nicolae_shop_temple_entry_statues_fountains, minmay_crystal_room,
          nicolae_elf_crossing_hall
Vaults:1: hangedman_vaults_pinch, v_rooms_3, vaults_room_door_hall,
          ontoclasm_vaults_decontamination, ontoclasm_vaults_shuriken,
          st_more_cells, grunt_vaults_funnel, ontoclasm_vaults_idyll,
          v_alt_pattern_6, v_misc_8, layout_vaults_omnigrid
Vaults:2: ontoclasm_vaults_loading_screen, nicolae_vaults_network_quinsquares
          [nicolae_vaults_network_quincunx_subvault,
          nicolae_vaults_network_quincunx_subvault,
          nicolae_vaults_network_quincunx_subvault,
          nicolae_vaults_network_quincunx_subvault], vaults_room_pools,
          v_misc_30, gammafunk_dig_for_victory, v_misc_30,
          minmay_crypt_entry_simple_statues, vaults_mumra_chevron,
          ontoclasm_vaults_loading_screen, v_misc_5,
          nicolae_vaults_little_squares_4, layout_vaults_omnicross
Vaults:3: vaults_room_semicircle, hangedman_vaults_cutoff, grunt_vaults_bifocal,
          vaults_dpeg_cross, v_misc_9, hangedman_vaults_capsules,
          vaults_room_fancy_cross, nicolae_vaults_asterisk, v_alt_pattern_2,
          hangedman_vaults_maws, st_smaller_cells, layout_vaults_big_room
Vaults:4: vaults_room_door_ring, hangedman_vaults_corner, v_rooms_6,
          nicolae_vaults_octagons, vaults_mumra_hex, dpeg_vaults_monster_row,
          vaults_room_pools, v_misc_33, v_misc_4, ontoclasm_vaults_ring_small,
          vaults_room_pool, vaults_room_pool, layout_vaults_maze_snakey,
          enter_trove_1, uniq_saint_roka
Vaults:5
Crypt:1:  layout_gridlike, serial_sigils_hangedman_scratch, grunt_megastairs_4,
          grunt_crypt_arrival_split, uniq_khufu
Crypt:2:  layout_regular_city, uniq_jory
Crypt:3:  quadcrypt_mu, uniq_mara
Tomb:1
Tomb:2
Depths:1: layout_gridlike, grunt_mini_vestibule,
          minmay_guarded_unrand_dyrovepreva
Depths:2: lemuel_vampire_tower, layout_gridville,
          hangedman_abyss_or_decor_slice, mu_enter_wizlab_4, hell_entry,
          abyss_entry, pan_entry, minmay_staircase_bubble, uniq_bai_suzhen
Depths:3: minmay_the_grid_3x3 [minmay_the_grid_slots,
          minmay_the_grid_medium_cups, minmay_the_grid_tiny_cups,
          minmay_the_grid_holed_spiral, minmay_the_grid_minigrid_small_alt,
          minmay_the_grid_tri_star, minmay_the_grid_stretched_grid,
          minmay_the_grid_small_cups, minmay_the_grid_prize_four_corners],
          layout_gridville, hell_entry, nicolae_elyvilon_temple_path,
          abyss_entry_small_statue_room
Depths:4: evilmike_zot_entry_round, layout_basic, enter_ziggurat_a,
          pf_hell_entry_tar_river

Skill      XL: |  1  2  3  4  5  6  7  8  9 10 11 12 13 14 15 16 17 18 19 20 21 22 23 24 25 26 27 |
---------------+----------------------------------------------------------------------------------+-----
Axes           | 3 4 5 6 7 10 11 13 14 16 17 18 20 21 22 23 24 25 | 25.9
Fighting       | 4 6 8 10 11 12 13 14 15 16 17 18 19 | 19.7
Armour         | 4 5 6 7 8 9 10 11 12 13 14 15 16 17 18 19 20 | 20.4
Shields        | 4 6 8 9 11 | 11.0
Invocations    | 2 4 6 8 9 11 12 13 14 15 16 17 | 17.3
Bows           | 3 5 6 7 8 9 12 14 16 17 18 19 20 | 20.7
Maces & Flails | 2 6 9 11 12 13 | 13.7
Evocations     | 1 4 6 9 10 11 12 | 12.0
Dodging        | 4 7 8 10 11 12 13 14 | 14.5
Polearms       | 3 4 |  4.5
Throwing       | 4 7 8 9 10 | 10.8
Translocations | 5 7 |  7.0

Action                   |  1- 3 |  4- 6 |  7- 9 | 10-12 | 13-15 | 16-18 | 19-21 | 22-24 | 25-27 || total
-------------------------+-------+-------+-------+-------+-------+-------+-------+-------+-------++-------
Melee: War axe           |    76 |   178 |   330 |   217 |   318 |   311 |       |       |       ||  1430
       Punch             |       |       |       |     2 |     1 |    12 |       |       |       ||    15
       Battleaxe         |       |       |       |   264 |   422 |       |       |       |       ||   686
       Dire flail        |       |       |       |     7 |    30 |       |       |       |       ||    37
       Mace              |       |       |       |       |     9 |    17 |       |       |       ||    26
       Trident           |       |       |       |       |       |    13 |    41 |       |       ||    54
       Executioner's axe |       |       |       |       |       |   127 |   926 |  1190 |   992 ||  3235
       Great mace        |       |       |       |       |       |       |       |       |   643 ||   643
 Fire: Shortbow          |       |       |       |   150 |   316 |   400 |     3 |       |       ||   869
       Longbow           |       |       |       |       |       |       |   268 |    61 |    94 ||   423
Throw: Dart              |       |       |       |    15 |     2 |       |       |     5 |     4 ||    26
Invok: Upheaval          |       |       |       |     1 |       |       |     1 |       |       ||     2
       Elemental Force   |       |       |       |       |     1 |     1 |     1 |       |       ||     3
       Disaster Area     |       |       |       |       |       |       |     1 |     2 |     1 ||     4
Evoke: Wand              |       |       |       |     4 |       |       |     2 |     1 |       ||     7
       Lightning rod     |       |       |       |       |       |       |       |       |     1 ||     1
  Use: Scroll            |       |     4 |     2 |    20 |     4 |     5 |     4 |     5 |    11 ||    55
       Potion            |       |       |     6 |     3 |     3 |     4 |       |     3 |     9 ||    28
 Stab: Petrified         |       |       |       |       |     3 |       |       |       |       ||     3
       Invisible         |       |       |       |       |     1 |       |       |       |     7 ||     8
       Distracted        |       |       |       |       |       |     1 |       |       |     2 ||     3
       Paralysed         |       |       |       |       |       |       |     1 |       |       ||     1
Armor: Scale mail        |    19 |       |       |       |       |       |       |       |       ||    19
       Chain mail        |    19 |    95 |   160 |   262 |   338 |       |       |       |       ||   874
       Ring mail         |       |       |       |       |    26 |   283 |   389 |   160 |       ||   858
       Crystal plate arm |       |       |       |       |       |       |       |   552 |  1038 ||  1590
       Skin              |       |       |       |       |       |       |       |       |    26 ||    26
Dodge: Dodged            |    34 |    81 |   110 |   228 |   250 |   363 |   639 |   496 |   722 ||  2923
       Repelled          |       |       |       |     7 |     8 |    33 |    37 |    12 |    17 ||   114
Block: Buckler           |    22 |    44 |    74 |    23 |       |       |       |       |       ||   163
       Other             |       |       |       |    94 |   212 |   210 |   350 |   356 |   503 ||  1725
